 Dungeon Crawl Stone Soup version 0.26.1-11-gd32895ea62 (webtiles) character file.

Game seed: 13970234827946893872

1851 Zeld the Carver (level 9, -2/61 HPs)
             Began as a Human Gladiator on June 4, 2021.
             Was a Follower of the Shining One.
             Slain by a two-headed ogre
             ... wielding a +0 giant club
              (9 damage)
             ... on level 7 of the Dungeon.
             The game lasted 00:07:12 (8645 turns).

Zeld the Carver (Human Gladiator)                   Turns: 8645, Time: 00:07:12

Health: -2/61      AC:  5    Str: 18    XL:     9   Next: 34%
Magic:  9/9        EV: 13    Int:  9    God:    the Shining One [*.....]
Gold:   412        SH:  0    Dex: 14    Spells: 8/8 levels left

rFire    . . .     SeeInvis .   a - +0 long sword
rCold    . . .     Faith    .   (no shield)
rNeg     . . .     Spirit   .   b - +0 leather armour
rPois    .         Reflect  .   c - +0 helmet
rElec    .         Harm     .   (no cloak)
rCorr    .         Rampage  .   l - +0 pair of gloves
Will     .....                  (no boots)
Stlth    +.........             (no amulet)
HPRegen  0.20/turn              (no ring)
MPRegen  0.11/turn              (no ring)

@: glowing
A: no striking features
a: Renounce Religion


You were on level 7 of the Dungeon.
You worshipped the Shining One.
The Shining One was aware of your devotion.
You visited 2 branches of the dungeon, and saw 8 of its levels.

You collected 412 gold pieces.

Inventory:

Hand Weapons
 a - a +0 long sword (weapon)
Missiles
 d - 4 throwing nets
 v - 45 poisoned darts (quivered)
 E - 6 boomerangs
Armour
 b - a +0 leather armour (worn)
 c - a +0 helmet (worn)
 l - a +0 pair of gloves (worn)
Jewellery
 t - an uncursed amulet of guardian spirit {unknown}
 y - an uncursed amulet of reflection {unknown}
 C - an uncursed amulet of faith {unknown}
 D - a +6 ring of intelligence {unknown}
Wands
 g - a wand of polymorph (12)
 H - a wand of disintegration (18)
Scrolls
 j - 5 scrolls of amnesia {unknown}
 k - a scroll of fear {unknown}
 m - a scroll of blinking {unknown}
 o - a scroll of random uselessness {unknown}
 p - 5 scrolls of remove curse {unknown}
 q - 2 scrolls of magic mapping {unknown}
 r - 9 scrolls of identify {unknown}
 s - 2 scrolls of enchant weapon {unknown}
 u - a scroll of fog {unknown}
 G - a scroll of immolation {unknown}
 I - 2 scrolls of teleportation {unknown}
 J - a scroll of enchant armour {unknown}
Potions
 e - a potion of ambrosia {unknown}
 f - a potion of magic {unknown}
 h - 3 potions of curing {unknown}
 i - 4 potions of degeneration {unknown}
 n - 5 potions of haste {unknown}
 w - a potion of might {unknown}
 x - a potion of cancellation {unknown}
 z - 2 potions of berserk rage {unknown}
 A - a potion of lignification {unknown}
 B - a potion of brilliance {unknown}
 F - a potion of resistance {unknown}


   Skills:
 - Level 2.0 Fighting
 * Level 11.7 Long Blades
 - Level 2.0 Throwing
 - Level 3.0 Dodging


You had 8 spell levels left.
You didn't know any spells.
Your spell library contained the following spells:

 Spells                   Type           Power        Failure   Level
 Sandblast                Erth           0%           43%         1
 Passwall                 Tmut/Erth      0%           58%         2
 Confusing Touch          Hex            0%           82%         3
 Gell's Gravitas          Tloc           0%           82%         3
 Stone Arrow              Conj/Erth      0%           82%         3
 Petrify                  Tmut/Erth      0%           99%         4
 Lee's Rapid Deconstruct  Erth           0%           100%        5
 Metabolic Englaciation   Hex/Ice        0%           100%        5
 Yara's Violent Unravell  Hex/Tmut       0%           100%        5


Dungeon Overview and Level Annotations

Branches:
Dungeon (7/15)             Temple (1/1) D:4

Altars:
Ashenzari
Cheibriados
Dithmenos
Elyvilon
Fedhas
Gozag
Hepliaklqana
Kikubaaqudgha
Makhleb
Nemelex Xobeh
Okawaru
Qazlal
Ru
Sif Muna
Trog
Uskayaw
Vehumet
Wu Jian
Xom
Yredelemnul
Zin
The Shining One


Message History

You hit the two-headed ogre but do no damage.
The two-headed ogre is lightly wounded.
The two-headed ogre closely misses you. You block the two-headed ogre's attack.
You hit the two-headed ogre.
The two-headed ogre is lightly wounded.
You block the two-headed ogre's attack. The two-headed ogre barely misses you.
You hit the two-headed ogre.
The two-headed ogre is lightly wounded.
You slash the two-headed ogre!
The two-headed ogre is moderately wounded.
The two-headed ogre hits you with a +0 giant club!
The two-headed ogre hits you with a +0 giant spiked club!
* * * LOW HITPOINT WARNING * * *
Your divine shield fades away.
The two-headed ogre hits you with a +0 giant club!!
* * * LOW HITPOINT WARNING * * *
The two-headed ogre closely misses you.
Found 15 poisoned darts.
The two-headed ogre hits you with a +0 giant club!
You die...

#..######### #..#
####..##################
.....>..........#......#
###############.#......#
####.#......#
#...........#
#....O......#
#....@(.##### #.......#
#.......# #.......#
####.#### #. .. ##


You could see a two-headed ogre.

Vanquished Creatures
  2 sky beasts (D:5)
  An ice beast (D:5)
  2 orc warriors (D:6)
  2 ogres
  A centaur (D:6)
  4 bullfrogs
  A scorpion (D:4)
  2 howler monkeys
  2 hounds
  2 centaur zombies (D:5)
  2 orc priests
  A bullfrog skeleton (D:4)
  A gnoll shaman (D:4)
  An iguana (D:5)
  6 orc wizards
  3 worker ants
  4 gnolls
  A worker ant zombie (D:7)
  7 adders
  A shadow imp (D:5)
  A white imp (D:6)
  3 ufetubi
  2 oozes
  An adder zombie (D:5)
  A worm (D:4)
  7 leopard geckos
  14 orcs
  4 ball pythons
  8 giant cockroaches
  8 goblins
  8 hobgoblins
  10 jackals
  2 quokkas
  9 bats
  5 frilled lizards
  11 kobolds
  A leopard gecko skeleton (D:4)
  13 rats
154 creatures vanquished.

Notes
Turn   | Place    | Note
-------+----------+-------------------------------------------
     0 | D:1      | Zeld the Human Gladiator began the quest for the Orb.
     0 | D:1      | Reached XP level 1. HP: 16/16 MP: 1/1
    32 | D:1      | Reached XP level 2. HP: 13/22 MP: 2/2
   285 | D:1      | Found an iron altar of Okawaru.
   333 | D:1      | Reached skill level 4 in Long Blades
   333 | D:1      | Reached XP level 3. HP: 18/27 MP: 3/3
  1176 | D:2      | Reached XP level 4. HP: 33/33 MP: 4/4
  1473 | D:2      | Reached skill level 5 in Long Blades
  1731 | D:2      | Found a shimmering blue altar of Sif Muna.
  2152 | D:3      | Reached XP level 5. HP: 37/38 MP: 5/5
  2191 | D:3      | Found a stormy altar of Qazlal.
  2191 | D:3      | Found a faded altar of an unknown god.
  2199 | D:3      | Found a blossoming altar of Fedhas.
  2208 | D:3      | Found a snail-covered altar of Cheibriados.
  2209 | D:3      | Found a hide-covered altar of Uskayaw.
  2980 | D:4      | Reached skill level 6 in Long Blades
  3090 | D:4      | Reached XP level 6. HP: 22/44 MP: 6/6
  3461 | D:4      | Found a staircase to the Ecumenical Temple.
  3474 | Temple   | Entered the Ecumenical Temple
  3480 | Temple   | Became a worshipper of the Shining One
  3776 | D:4      | Reached skill level 7 in Long Blades
  3797 | D:4      | Reached XP level 7. HP: 32/50 MP: 7/7
  3938 | D:4      | Found a glowing golden altar of the Shining One.
  4344 | D:5      | Entered Level 5 of the Dungeon
  4520 | D:5      | Reached skill level 8 in Long Blades
  4780 | D:5      | Reached * piety under the Shining One
  4934 | D:5      | Reached XP level 8. HP: 54/56 MP: 8/8
  5437 | D:5      | Reached skill level 9 in Long Blades
  6227 | D:5      | Found a sacrificial altar of Ru.
  6239 | D:5      | Reached skill level 10 in Long Blades
  6494 | D:6      | Found a glowing silver altar of Zin.
  7267 | D:6      | Reached XP level 9. HP: 47/61 MP: 9/9
  7372 | D:6      | Reached skill level 11 in Long Blades
  7881 | D:7      | Reached ** piety under the Shining One
  8557 | D:7      | Noticed a two-headed ogre
  8627 | D:7      | HP: 3/61 [two-headed ogre/+0 giant club (18)]
  8645 | D:7      | Slain by a two-headed ogre

Illustrated notes

Levels and vault maps discovered:
D:1:      lightli_arrival_lavapool, layout_basic, okawaru_ov_weapons_minmay
D:2:      layout_rooms, overflow_temple_1_default, kennysheep_cluttered_room,
          cheibrodos_gnoll_hut
D:3:      layout_loops_ring, chequers_temple_overflow_minitemple,
          chequers_decorated_corner, grunt_ministairs_9, minivault_14,
          bh_walls_and_bars
D:4:      layout_loops_ring, minmay_temple_entry_butterflies,
          minmay_ruined_shrine
D:5:      minmay_skewed_foursquare, layout_basic,
          nicolae_ru_great_annihilating_truth, roderic_roman_lattice
D:6:      layout_gridville, overflow_temple_1_default
D:7:      layout_basic, eino_tiny_chamber
Temple:   eino_wide_crystal_templ

Skill      XL: |  1  2  3  4  5  6  7  8  9 |
---------------+----------------------------+-----
Long Blades    | 4 5 6 7 8 10 11 | 11.7
Fighting       | |  2.0
Throwing       | |  2.0
Dodging        | |  3.0

Action                   |  1- 3 |  4- 6 |  7- 9 || total
-------------------------+-------+-------+-------++-------
Melee: Long sword        |    83 |   157 |   244 ||   484
Throw: Dart              |       |       |     1 ||     1
Invok: Divine Shield     |       |       |     1 ||     1
  Use: Potion            |       |     2 |       ||     2
Armor: Leather armour    |    34 |    44 |    61 ||   139
Dodge: Dodged            |    70 |   114 |   185 ||   369
Block: Other             |       |       |     2 ||     2
       Rpst.: Long sword |    19 |    33 |    63 ||   115
